AoeStats
← Lord_Wilfredo

Arabia

504343023Analyzed
1v1 RM · 27d ago on Sep 4, 2026· 44m 50s· 2 players
Game mode
Random Map
Map size
Tiny (2 player)
Population
200
Speed
Normal
Resources
Standard
Victory
Conquest
Starting age
Dark Age
Ending age
Imperial Age
RankedLock teamsTeams togetherTeam positionsShared explorationLock speedFull tech treeHidden civsTurbo modeCheats
Victory
Defeat
🇦🇷 Mongols · Argentina
1255
+15
1225
-15
123 POR PUNI Y SUS AMIGOS
7:16 Loom
9:51 Feudal Age
10:38 Double-Bit Axe
15:00 Horse Collar
23:14 Castle Age
22:22 Bloodlines
22:18 Scale Barding Armor
30:22 Bow Saw
30:39 Pikeman
33:45 Gold Mining
34:02 Heavy Plow
33:49 Elite Skirmisher
35:16 Clinker Construction
35:29 Fletching
38:21 Wheelbarrow
38:42 Bodkin Arrow
38:58 Forging
42:02 Imperial Age
42:47 Chain Barding Armor
42:27 Padded Archer Armor
42:52 Tower Shields
43:12 Conscription
43:58 Ballistics
44:39 Chemistry
44:20 Halberdier
Lord_Wilfredo
6:12 Loom
9:05 Feudal Age
9:45 Double-Bit Axe
14:52 Wheelbarrow
17:31 Fletching
18:32 Padded Archer Armor
23:42 Castle Age
23:45 Crossbowman
27:43 Gold Mining
28:29 Bodkin Arrow
28:19 Horse Collar
31:59 Bow Saw
38:42 Imperial Age
36:33 Hand Cart
36:35 Town Watch
37:40 Ballistics
38:24 Thumb Ring
39:11 Scale Barding Armor
39:17 Forging
40:03 Bloodlines
39:53 Husbandry
41:24 Gold Shaft Mining
41:45 Conscription
41:42 Heavy Camel Rider
42:22 Elite Skirmisher
43:19 Leather Archer Armor
44:12 Chain Barding Armor
46:04 Iron Casting
Connection lost

Rejoining the realm…

Still unreachable

The connection could not be restored.

Session expired

The server has moved on; the page needs a fresh start.